Map: Deathaura LE

Players

Asuna

  • Race: Protoss Protoss
  • League: Master
  • Spawn Location: 11:00

Epic - Winner!

  • Race: Terran Terran
  • League: Grandmaster
  • Spawn Location: 5:00

Event: DreamHack SC2 Masters 2020 Winter

VOD

Have the link to the VOD?

Description

Time

  • Played on: Oct. 27, 2020, 7:13 p.m.
  • Length: 12:10

All games in this series

Show
View Real Time Build Order
Export as new Build Order

Asuna Protoss 

Build Orders: Phoenix Opening, Colossus Rush 

Get SALT Encoding   

  12  0:00  Probe  
  13  0:12  Probe  
  14  0:17  Pylon  
  14  0:24  Probe (Chrono Boost)  
  15  0:36  Gateway, Probe (Chrono Boost)  
  16  0:44  Probe (Chrono Boost)  
  16  0:45  Assimilator  
  17  0:51  Probe  
  18  1:03  Probe  
  19  1:15  Probe  
  20  1:24  Cybernetics Core  
  20  1:31  Pylon, Probe  
  21  1:40  Assimilator  
  21  1:44  Probe  
  22  1:55  Nexus  
  22  1:57  Adept (Chrono Boost)  
  24  2:04  Shield Battery  
  24  2:07  Probe  
  25  2:12  Warp Gate  
  25  2:17  Adept (Chrono Boost)  
  25  2:19  Probe  
  28  2:31  Probe  
  29  2:40  Stargate  
  29  2:44  Probe  
  30  2:56  Probe  
  31  3:07  Adept  
  31  3:08  Probe (Chrono Boost)  
  31  3:09  Robotics Facility  
  31  3:10  Probe (Chrono Boost)  
  35  3:19  Probe (Chrono Boost)  
  36  3:22  Probe (Chrono Boost)  
  36  3:26  Phoenix  
  39  3:32  Probe  
  39  3:33  Gateway  
  40  3:34  Probe  
  41  3:42  Shield Battery  
  41  3:44  Probe  
  41  3:46  Probe  
  43  3:57  Probe  
  41  4:05  Probe  
  41  4:06  Phoenix  
  41  4:09  Adept  
  44  4:10  Probe  
  44  4:11  Observer  
  44  4:13  Assimilator  
  44  4:14  Assimilator  
  44  4:15  Pylon  
  46  4:27  Pylon  
  46  4:33  Phoenix, Probe x2  
  50  4:41  Robotics Bay  
  50  4:42  Pylon  
  50  4:44  Zealot x2  
  50  4:45  Probe (Chrono Boost)  
  55  4:46  Probe (Chrono Boost)  
  55  4:50  Observer  
  57  4:53  Pylon  
  57  4:57  Probe (Chrono Boost)  
  57  4:58  Phoenix, Probe (Chrono Boost)  
  61  5:06  Pylon, Probe (Chrono Boost)  
  62  5:14  Observer  
  63  5:18  Probe  
  63  5:19  Probe  
  65  5:23  Nexus  
  65  5:34  Phoenix (Chrono Boost)  
  67  5:40  Colossus (Chrono Boost)  
  73  5:51  Forge  
  67  6:15  Probe x2  
  69  6:23  Colossus (Chrono Boost)  
  69  6:25  Observer  
  69  6:27  Probe x2  
  69  6:31  Photon Cannon  
  77  6:34  Pylon  
  77  6:41  Sentry x2  
  77  6:42  Protoss Ground Weapons Level 1 (Chrono Boost)  
  77  6:45  Probe x2  
  83  6:47  Probe  
  84  6:55  Photon Cannon  
  84  6:57  Probe (Chrono Boost)  
  84  7:01  Probe (Chrono Boost)  
  87  7:02  Shield Battery  
  87  7:03  Probe (Chrono Boost)  
  87  7:07  Extended Thermal Lance  
  88  7:09  Probe (Chrono Boost)  
  88  7:16  Colossus (Chrono Boost), Probe (Chrono Boost)  
  88  7:20  Probe  
  96  7:26  Probe  
  96  7:29  Probe  
  97  7:32  Probe  
  97  7:35  Phoenix  
  100  7:38  Probe  
  100  7:41  Probe  
  100  7:42  Twilight Council  
  100  7:44  Probe  
  103  7:51  Probe  
  104  7:53  Photon Cannon  
  104  7:57  Sentry  
  104  7:58  Assimilator  
  106  7:59  Probe x2  
  106  8:00  Assimilator  
  106  8:03  Probe  
  106  8:05  Pylon  
  109  8:13  Pylon  
  109  8:19  Charge, Pylon  
  109  8:23  Phoenix, Gateway  
  109  8:25  Gateway  
  109  8:26  Protoss Ground Weapons Level 2 (Chrono Boost)  
  111  8:28  Gateway x2  
  111  8:45  Gateway, Pylon  
  111  8:48  Gateway  
  111  8:49  Pylon  
  111  8:50  Phoenix  
  111  8:53  Pylon  
  113  8:56  Templar Archives  
  113  9:05  Nexus  
  113  9:06  Protoss Air Weapons Level 1  
  113  9:13  Shield Battery  
  113  9:19  Photon Cannon, Phoenix  
  113  9:21  Photon Cannon  
  115  9:25  Colossus (Chrono Boost)  
  121  9:37  High Templar, Gateway  
  121  9:38  High Templar x3, Pylon  
  125  9:39  Zealot  
  125  9:42  Archon  
  125  9:44  Archon  
  131  9:48  Pylon, Probe x3  
  134  9:56  Observer  
  134  10:00  Probe x3  
  134  10:03  Phoenix  
  134  10:05  Gateway  
  139  10:07  High Templar x2  
  139  10:10  Zealot  
  139  10:11  Zealot x4  
  139  10:12  Archon  
  153  10:20  High Templar  
  155  10:26  Gateway  
  155  10:32  High Templar, Zealot x5  
  167  10:37  Archon  
  163  10:49  Colossus (Chrono Boost), Zealot x2  
  165  10:52  Phoenix  
  173  10:59  Zealot x3  
  135  11:11  Zealot  
  135  11:12  Zealot x6  
  135  11:17  Phoenix  
  105  11:23  Zealot x3  
  107  11:26  Zealot  
  115  11:34  High Templar x2, Zealot x3  
  115  11:38  Archon  
  115  11:39  Zealot x2  
  113  11:47  Zealot x2  
  113  11:48  Zealot x2  
  93  11:55  High Templar  
  93  11:56  High Templar, Zealot  
  93  12:00  Archon, Zealot x2  
  103  12:06  Zealot x2  
Show
View Real Time Build Order
Export as new Build Order

Epic Terran - Winner!

Build Orders: Reaper Expand 

Get SALT Encoding   

  12  0:00  SCV  
  13  0:12  SCV  
  14  0:16  Supply Depot  
  14  0:24  SCV  
  15  0:38  SCV, Barracks  
  15  0:42  Refinery  
  16  0:50  SCV  
  17  1:02  SCV  
  18  1:14  SCV  
  19  1:25  Reaper  
  20  1:26  Orbital Command  
  20  1:47  Command Center  
  20  1:52  SCV  
  20  1:53  Supply Depot  
  21  1:58  Marine  
  22  2:04  SCV  
  22  2:07  Bunker  
  23  2:16  Factory  
  23  2:19  SCV  
  23  2:21  Barracks Reactor  
  24  2:27  Refinery  
  24  2:31  SCV  
  25  2:43  SCV  
  25  2:58  Marine x2  
  25  3:01  SCV, Orbital Command  
  27  3:07  Hellion  
  27  3:10  Starport  
  29  3:13  SCV  
  29  3:16  Marine x2  
  32  3:28  SCV x2  
  32  3:30  Factory Tech Lab  
  34  3:36  Marine x2  
  36  3:43  Supply Depot  
  36  3:44  SCV x2  
  38  4:00  SCV x2  
  34  4:12  SCV  
  34  4:13  SCV  
  36  4:18  Widow Mine x2, Command Center  
  36  4:19  Medivac  
  41  4:25  SCV x2  
  41  4:30  Armory  
  43  4:37  SCV x2  
  45  4:39  Widow Mine x2  
  49  4:46  Supply Depot  
  49  4:49  SCV  
  49  4:50  SCV, Medivac  
  53  4:54  Supply Depot  
  53  5:07  SCV x2  
  53  5:08  Widow Mine x2, Supply Depot, Marine  
  60  5:18  Barracks  
  60  5:21  SCV x2, Barracks  
  60  5:23  Stimpack  
  62  5:30  Orbital Command  
  62  5:33  SCV x2  
  64  5:40  Engineering Bay x2  
  64  5:47  SCV x2  
  64  5:49  Widow Mine x2  
  66  5:51  Medivac  
  66  6:00  Orbital Command  
  66  6:05  SCV x2  
  66  6:11  Refinery x2  
  66  6:13  Marauder  
  66  6:17  SCV x2  
  68  6:19  Terran Infantry Weapons Level 1  
  66  6:25  SCV  
  66  6:28  Barracks  
  66  6:29  Barracks  
  66  6:31  Missile Turret  
  65  6:33  Marine x2, Factory Reactor  
  65  6:34  Missile Turret, Marauder, SCV x2  
  65  6:37  SCV  
  72  6:40  Starport Reactor  
  72  6:41  Missile Turret  
  72  6:42  Barracks Tech Lab  
  72  6:47  SCV x2  
  72  6:48  Refinery  
  72  6:49  Terran Infantry Armor Level 1  
  72  6:50  SCV  
  72  6:52  Marine x2  
  77  6:58  Supply Depot  
  77  7:02  Marauder  
  77  7:03  SCV x3  
  84  7:09  Supply Depot  
  84  7:11  Supply Depot  
  84  7:14  Combat Shield  
  84  7:15  SCV x3  
  85  7:17  Refinery  
  85  7:18  Marine x2  
  85  7:19  Barracks Tech Lab, Barracks Reactor  
  87  7:27  SCV x3  
  87  7:29  Medivac x2, Marauder  
  94  7:34  Supply Depot  
  94  7:35  Siege Tank, Supply Depot x2  
  95  7:39  Marine x4, SCV x3  
  95  7:41  Concussive Shells, Marauder  
  104  7:51  SCV, Marauder  
  104  7:53  SCV  
  104  7:54  SCV  
  104  7:56  Supply Depot  
  104  7:57  Marine x4  
  111  7:58  Supply Depot  
  111  8:03  SCV  
  111  8:05  Medivac  
  114  8:06  Medivac  
  114  8:07  Marauder  
  114  8:12  Marine  
  117  8:13  Siege Tank  
  117  8:14  Barracks Tech Lab  
  117  8:15  Marine x2  
  117  8:16  Terran Infantry Weapons Level 2  
  122  8:20  Marine x2  
  122  8:22  Supply Depot  
  122  8:23  Supply Depot  
  124  8:30  Marauder x2, Command Center  
  128  8:37  Bunker  
  128  8:40  Marauder  
  130  8:45  Siege Tank  
  130  8:46  Supply Depot, Viking  
  130  8:47  Viking  
  137  8:51  Marauder, Terran Infantry Armor Level 2  
  137  8:52  Marauder  
  141  8:56  Ghost Academy  
  141  8:57  Marine x3  
  141  8:58  Marine  
  144  9:11  Supply Depot  
  144  9:14  Supply Depot  
  144  9:16  Viking  
  145  9:17  Viking  
  145  9:18  Siege Tank  
  145  9:19  Marine x4  
  154  9:25  Ghost  
  154  9:29  Barracks x2  
  154  9:30  Ghost, Barracks  
  158  9:40  Missile Turret x2, Ghost  
  158  9:43  Missile Turret  
  158  9:45  Missile Turret  
  159  9:49  Viking  
  159  9:50  Viking  
  159  9:52  Missile Turret  
  163  9:53  Enhanced Shockwaves  
  163  9:54  Missile Turret  
  163  10:01  Ghost  
  163  10:02  Marine x4  
  168  10:09  Siege Tank  
  171  10:15  Refinery  
  171  10:16  Missile Turret  
  171  10:17  Planetary Fortress  
  171  10:19  SCV  
  171  10:20  SCV x2, Marine x4  
  179  10:22  Barracks Tech Lab  
  179  10:23  Barracks Tech Lab  
  179  10:25  Barracks Reactor  
  177  10:32  Viking  
  177  10:34  Viking  
  180  10:39  SCV x3  
  180  10:40  Refinery  
  180  10:51  Marauder x5  
  189  11:00  Marine x2  
  161  11:12  Marauder  
  161  11:14  Marine x2, Marauder x2  
  145  11:26  Marauder x2, Marine x4  
  145  11:27  Medivac x2, Siege Tank  
  145  11:29  SCV x4  
  164  11:33  Marauder  
  164  11:35  Starport  
  164  11:36  Marauder x2  
  164  11:39  Marine x2  
  172  11:44  Marine x3  
  168  11:47  Marauder x2  
  159  11:58  Command Center  
Tags
 
Add a new tag
Caveats
  • Supply blocks, unpowered buildings, or Contaminate may cause inaccurate times.
  • Supply counts are checked every 10 seconds.